 Dungeon Crawl Stone Soup version 0.22-a0-521-gb1378044ac (webtiles) character file.

528 Kaname the Conjurer (level 7, 37/46 HPs)
             Began as a Demonspawn Wizard on June 20, 2018.
             Was an Initiate of Gozag.
             Quit the game on level 6 of the Dungeon.
             The game lasted 00:14:38 (4609 turns).

Kaname the Conjurer (Demonspawn Wizard)             Turns: 4609, Time: 00:14:39

Health: 37/46      AC:  7    Str:  7    XL:     7   Next: 3%
Magic:  13/13      EV: 12    Int: 26    God:    Gozag
Gold:   28         SH:  0    Dex: 12    Spells: 5/14 levels left

rFire    + . .     SeeInvis .   w - +1 mace of Risk Management {speed, rN++}
rCold    . . .     Gourm    .   (no shield)
rNeg     + + .     Faith    .   a - +0 robe
rPois    .         Spirit   .   r - +0 helmet
rElec    .         Reflect  .   (no cloak)
rCorr    .         Harm     .   u - +2 pair of gloves
MR       .....                  o - +0 pair of boots
Stlth    ++........             i - amulet of the acrobat
HPRegen  0.15/turn              y - ring of protection from fire
MPRegen  0.13/turn              D - +5 ring of intelligence

@: no status effects
A: claws 1, demonic guardian 1, rot immunity
a: Potion Petition, Call Merchant, Bribe Branch, Renounce Religion


You were on level 6 of the Dungeon.
You worshipped Gozag.
Gozag was noncommittal.
You were not hungry.

You visited 2 branches of the dungeon, and saw 7 of its levels.

You collected 265 gold pieces.
You spent 165 gold pieces at shops.
You paid 72 gold pieces to Gozag.

Inventory:

Hand Weapons
 w - the +1 mace of Risk Management (weapon) {speed, rN++}
   (You found it on level 4 of the Dungeon)

   Attacks with this weapon are significantly faster.
   It greatly protects you from negative energy.
 B - a +1 rapier
Missiles
 h - 37 arrows
 v - a throwing net (quivered)
Armour
 a - a +0 robe (worn)
 b - a +0 hat
 n - a +0 buckler
 o - a +0 pair of boots (worn)
 r - a +0 helmet (worn)
 u - a +2 pair of gloves (worn)
Jewellery
 i - an amulet of the acrobat (around neck)
 y - a ring of protection from fire (left hand)
 D - a +5 ring of intelligence (right hand)
Wands
 x - a wand of digging (13)
Scrolls
 e - a scroll of enchant weapon
 g - 3 scrolls of teleportation
 l - a scroll of fog
 m - 4 scrolls of remove curse
 p - 2 scrolls of amnesia {unknown}
 s - 3 scrolls of identify {unknown}
 t - 4 scrolls of fear {unknown}
 C - a scroll of magic mapping {unknown}
Potions
 c - 3 potions of brilliance {unknown}
 f - 2 potions of mutation {unknown}
 j - a potion of curing {unknown}
 k - 2 potions of agility {unknown}
 q - 3 potions of flight {unknown}
 z - a potion of haste
 A - a potion of resistance {unknown}
 F - a potion of degeneration {unknown}
Comestibles
 d - 10 rations


   Skills:
 - Level 1.7 Dodging
 + Level 3.5 Stealth
 - Level 4.1 Spellcasting
 - Level 6.0 Conjurations
   Level 1.0 Summonings
 - Level 0.8 Translocations


You had 5 spell levels left.
You knew the following spells:

 Your Spells              Type           Power        Failure   Level  Hunger
a - Magic Dart            Conj           ####         1%          1    None
b - Blink                 Tloc           N/A          9%          2    None
c - Mephitic Cloud        Conj/Pois/Air  ###.....     11%         3    ##.....
d - Conjure Flame         Conj/Fire      ###.....     8%          3    ##.....

Your spell library contained the following spells:

 Spells                   Type           Power        Failure   Level  Hunger
 Slow                     Hex            #.......     13%         2    None
 Call Imp                 Summ           ##......     9%          2    None


Dungeon Overview and Level Annotations

Branches:
Dungeon (6/15)             Temple (1/1) D:5

Altars:
Elyvilon
Fedhas
Gozag
Kikubaaqudgha
Nemelex Xobeh
Okawaru
Qazlal
Ru
Sif Muna
Trog
Uskayaw
Wu Jian
Xom
The Shining One

Shops:
D:4 %   D:5 (

Annotations:
D:5 1 runed door, htuhola's ghost, novice DDFi


Innate Abilities, Weirdness & Mutations

You have sharp fingernails.
A weak demonic guardian rushes to your aid.
You are immune to rotting.


Message History

Casting: Magic Dart (safe; 1% risk of failure)
Confirm with . or Enter, or press ? or * to list all spells.
Aiming: Magic Dart (safe; 1% risk of failure)
Press: ? - help, Shift-Dir - straight line, f/p - water moccasin zombie
Aim: a water moccasin zombie (almost destroyed)
The magic dart hits the water moccasin zombie.
The water moccasin zombie is almost destroyed.
The water moccasin zombie bites you but does no damage.
The water moccasin zombie bites you.
Your white imp gestures at the water moccasin zombie.
The puff of frost hits the water moccasin zombie.
The water moccasin zombie resists.
The water moccasin zombie is destroyed!
You have reached level 7!
Your demonic ancestry asserts itself...
You feel immune to rotting.
You start resting.
Your white imp disappears in a puff of smoke!
Magic restored.
Are you sure you want to abandon this character and quit the game? (Confirm with "yes".)

### ... #.. # #.#
#..###.######.
#......$......
#@# ##### #.#
#... #.# ##.##
#.# ###(..#######
#.# #<...........
#.####.#...######
#......##.##
#########.# #.#


There were no monsters in sight!

Vanquished Creatures
  A bullfrog (D:3)
  An orc wizard (D:5)
  A centaur skeleton (D:5)
  4 worker ants
  A killer bee zombie (D:4)
  A hound zombie (D:5)
  A worker ant zombie (D:4)
  3 gnolls (D:2)
  6 adders
  A shadow imp (D:4)
  3 worms
  3 dart slugs
  2 leopard geckos (D:2)
  9 orcs
  5 bats
  2 giant cockroaches (D:2)
  5 hobgoblins
  A quokka (D:5)
  3 ball pythons
  4 frilled lizards
  3 goblins (D:2)
  9 kobolds
  A leopard gecko zombie (D:5)
  A quokka zombie (D:5)
  9 rats
80 creatures vanquished.

Vanquished Creatures (collateral kills)
  A water moccasin zombie (D:6)
  A crimson imp (D:6)
  An orc wizard (D:3)
  An adder (D:3)
  5 orcs (D:3)
  A kobold (D:3)
10 creatures vanquished.

Vanquished Creatures (others)
  2 withered plants (D:5)
2 creatures vanquished.

Grand Total: 92 creatures vanquished

Notes
Turn   | Place    | Note
-------+----------+-------------------------------------------
     0 | D:1      | Kaname the Demonspawn Wizard began the quest for the Orb.
     0 | D:1      | Reached XP level 1. HP: 13/13 MP: 4/4
   257 | D:1      | Found a sparkling altar of Nemelex Xobeh.
   422 | D:1      | Reached skill level 2 in Conjurations
   476 | D:1      | Gained mutation: A weak demonic guardian rushes to your aid. [demonic ancestry]
   476 | D:1      | Reached XP level 2. HP: 19/19 MP: 3/6
  1199 | D:2      | Found a blossoming altar of Fedhas.
  1203 | D:2      | Reached skill level 3 in Conjurations
  1218 | D:2      | Reached XP level 3. HP: 24/24 MP: 3/7
  1429 | D:2      | Found a bloodstained altar of Trog.
  1534 | D:2      | Reached XP level 4. HP: 22/30 MP: 0/8
  1618 | D:2      | Learned a level 2 spell: Blink
  1622 | D:2      | Learned a level 3 spell: Mephitic Cloud
  1626 | D:2      | Learned a level 3 spell: Conjure Flame
  1717 | D:2      | Reached skill level 4 in Conjurations
  2113 | D:3      | Reached skill level 5 in Conjurations
  2113 | D:3      | Gained mutation: You have sharp fingernails. [demonic ancestry]
  2113 | D:3      | Reached XP level 5. HP: 32/35 MP: 1/9
  2412 | D:3      | Found a stormy altar of Qazlal.
  2755 | D:4      | Reached skill level 6 in Conjurations
  2765 | D:4      | Reached XP level 6. HP: 41/41 MP: 0/10
  2829 | D:4      | Got a polished mace
  2830 | D:4      | Identified the +1 mace of Risk Management {speed, rN++} (You found it on level 4 of the Dungeon)
  3188 | D:4      | Found Epli's Food Shoppe.
  3440 | D:4      | Found a sacrificial altar of Ru.
  3695 | D:5      | Entered Level 5 of the Dungeon
  3703 | D:5      | Noticed htuhola's ghost (novice DDFi)
  3704 | D:5      | Found a runed door.
  3840 | D:5      | Found a white marble altar of Elyvilon.
  4114 | D:5      | Found a staircase to the Ecumenical Temple.
  4152 | D:5      | Found Derycemn's Weapon Shop.
  4188 | Temple   | Entered the Ecumenical Temple
  4194 | Temple   | Became a worshipper of Gozag Ym Sagoz the Greedy
  4263 | D:4      | Bought a ration for 55 gold pieces
  4263 | D:4      | Bought a ration for 55 gold pieces
  4263 | D:4      | Bought a ration for 55 gold pieces
  4554 | D:6      | Gained mutation: You are immune to rotting. [demonic ancestry]
  4554 | D:6      | Reached XP level 7. HP: 29/46 MP: 6/13
  4609 | D:6      | Quit the game

Vault maps used:
D:1:      evilmike_arrival_crescent, nemelex_diamond_rough_becter
D:2:      bloody_trog, fedhas_altar_2
D:3:      lemuel_tele_altar
D:4:      lemuel_coloured_pillars_altar, serial_shops, shop, first_ration
D:5:      elyvilon_altar_1, temple_pool_b, gammafunk_ghost_grave, serial_shops,
          shop
D:6:      nicolae_overflow_hidden_temple, kennysheep_mini, lemuel_doored_altar
Temple:   eino_narrow_crystal_temple

Skill      XL: |  1  2  3  4  5  6 |
---------------+-------------------+-----
Conjurations   | 2 3 5 6 |  6.0
Spellcasting   | 4 |  4.1
Stealth        | 3 |  3.5
Dodging        | |  1.7
Summonings     | |  1.0
Translocations | |  0.8

Action                   |  1- 3 |  4- 6 |  7- 9 || total
-------------------------+-------+-------+-------++-------
Melee: Whip              |    32 |    37 |       ||    69
       Mace              |       |    93 |       ||    93
 Cast: Magic Dart        |    67 |   110 |       ||   177
       Mephitic Cloud    |       |     1 |       ||     1
       Conjure Flame     |       |     2 |       ||     2
  Use: Scroll            |       |     4 |       ||     4
 Stab: Sleeping          |     1 |     3 |       ||     4
  Eat: Chunk             |     1 |     9 |       ||    10
       Ration            |       |     1 |       ||     1
Armor: Robe              |     5 |    43 |       ||    48
Dodge: Dodged            |    23 |    69 |       ||    92

Table legend:
 A = Spawn XP
 B = Non-spawn XP
 C = Spawn XP percentage of total XP
 D = Spawn monster count
 E = Non-spawn monster count
 F = Spawn count percentage of total count
 G = Total turns spent on level
                    A         B        C        D         E        F      G
               +---------+---------+-------+---------+---------+-------+---------
         Total |       0 |     755 |   0.0 |       0 |      90 |   0.0 |  4609
               +---------+---------+-------+---------+---------+-------+---------
           D:1 |       0 |      14 |   0.0 |       0 |      11 |   0.0 |   861
           D:2 |       0 |     133 |   0.0 |       0 |      30 |   0.0 |  1154
           D:3 |       0 |     180 |   0.0 |       0 |      26 |   0.0 |   719
           D:4 |       0 |     161 |   0.0 |       0 |       9 |   0.0 |  1019
           D:5 |       0 |     164 |   0.0 |       0 |      12 |   0.0 |   729
           D:6 |       0 |     103 |   0.0 |       0 |       2 |   0.0 |   114
               +---------+---------+-------+---------+---------+-------+---------
